 Dungeon Crawl Stone Soup version 0.22-a0-303-g4a852b3 (webtiles) character file.

60 grindst0ne the Skirmisher (level 3, 0/30 HPs)
             Began as a Mummy Fighter on Mar 27, 2018.
             Slain by Crazy Yiuf
             ... wielding a +3 quarterstaff of chaos
              (1 damage)
             ... on level 2 of the Dungeon.
             The game lasted 00:02:28 (2037 turns).

grindst0ne the Skirmisher (Mummy Fighter)           Turns: 2037, Time: 00:02:29

Health: 0/30       AC:  6    Str: 20    XL:     3   Next: 80%
Magic:  1/3        EV:  7    Int:  7    God:
Gold:   46         SH: 12    Dex: 11    Spells: 2/2 levels left

rFire    . . .     SeeInvis .   a - +1 war axe
rCold    + . .     Gourm    .   d - +3 shield
rNeg     + + +     Faith    .   b - +0 scale mail
rPois    ∞         Spirit   .   (no helmet)
rElec    .         Reflect  .   (no cloak)
rCorr    .         Harm     .   (no gloves)
MR       .....                  (no boots)
Stlth    ..........             h - amulet of the acrobat
HPRegen  0.10/turn              f - ring of protection from fire
MPRegen  0.08/turn              (no ring)

@: no status effects
A: no food or potions, fire vulnerability, cold resistance 1, negative energy
resistance 3, torment resistance, unbreathing
a: no special abilities


You were on level 2 of the Dungeon.
You were not hungry.

You visited 1 branch of the dungeon, and saw 2 of its levels.

You collected 46 gold pieces.

Inventory:

Hand Weapons
 a - a +1 war axe (weapon)
Armour
 b - a +0 scale mail (worn)
 c - a +0 leather armour
 d - a +3 shield (worn)
Jewellery
 f - a ring of protection from fire (left hand)
 h - an amulet of the acrobat (around neck)
Scrolls
 e - a scroll of magic mapping {unknown}
 g - a scroll of amnesia {unknown}
 i - a scroll of enchant weapon
 j - a scroll of teleportation {unknown}


   Skills:
 + Level 3.7 Fighting
 - Level 1.5 Axes
 + Level 3.0 Armour
 + Level 3.0 Shields


You had 2 spell levels left.
You didn't know any spells.

Dungeon Overview and Level Annotations

Branches:
Dungeon (2/15)

Altars:
Makhleb
Ru
Trog
Vehumet
Xom

Annotations:
D:2 Crazy Yiuf


Innate Abilities, Weirdness & Mutations

You do not eat or drink.
Your flesh is vulnerable to fire.
You are immune to poison.
Your flesh is cold resistant. (rC+)
You are immune to negative energy. (rN+++)
You are immune to unholy pain and torment.
You can survive without breathing.


Message History

You barely miss Crazy Yiuf. You block Crazy Yiuf's attack.
You hit Crazy Yiuf but do no damage.
Crazy Yiuf hits you with a quarterstaff of chaos!
You feel your power leaking away.
Crazy Yiuf hits you with a quarterstaff of chaos.
You slash Crazy Yiuf!
Crazy Yiuf is severely wounded.
You block Crazy Yiuf's attack.
You barely miss Crazy Yiuf.
Crazy Yiuf is severely wounded.
You block Crazy Yiuf's attack.
Your shield prevents you from hitting Crazy Yiuf.
Crazy Yiuf is severely wounded.
Crazy Yiuf hits you with a quarterstaff of chaos.
Crazy Yiuf burns you.
* * * LOW HITPOINT WARNING * * *
Crazy Yiuf hits you with a quarterstaff of chaos!
* * * LOW HITPOINT WARNING * * *
Crazy Yiuf freezes you.
You die...

#.....# #.#
#.#.#######.#
#.#.........#
#.#.#..###### #.#.####
......###♣♣♣♣♣
.##.#..#...♣.♣♣♣ ####
.##.#.......♣..♣#...#
....#......♣♣♣♣.@g..#
.......#..♣♣ ♣♣#..)#
....#.###♣♣ ####
.##.#.# ....#.#
....#.#### ### ###
##..#....####.# #.#
..............######.#
.....###.............#


You could see Crazy Yiuf.

Vanquished Creatures
  2 adders (D:2)
  A worm (D:2)
  2 ball pythons (D:2)
  A giant cockroach (D:2)
  6 goblins
  7 hobgoblins
  3 kobolds
  2 quokkas (D:2)
  6 bats
  3 frilled lizards
  4 rats
37 creatures vanquished.

Notes
Turn   | Place    | Note
-------+----------+-------------------------------------------
     0 | D:1      | grindst0ne the Mummy Fighter began the quest for the Orb.
     0 | D:1      | Reached XP level 1. HP: 18/18 MP: 1/1
   211 | D:1      | Reached XP level 2. HP: 19/24 MP: 2/2
   837 | D:2      | Found a runed door.
   931 | D:2      | Reached XP level 3. HP: 17/29 MP: 3/3
  1681 | D:2      | Found an opulent altar of Gozag.
  1683 | D:2      | Found a radiant altar of Vehumet.
  1683 | D:2      | Found a shimmering altar of Xom.
  1686 | D:2      | Found a bloodstained altar of Trog.
  1686 | D:2      | Found a burning altar of Makhleb.
  1686 | D:2      | Found a sacrificial altar of Ru.
  2028 | D:2      | Noticed Crazy Yiuf
  2037 | D:2      | HP: 1/30 [Crazy Yiuf/quarterstaff of chaos (7)]
  2037 | D:2      | Slain by Crazy Yiuf

Vault maps used:
D:1:      elethiomel_arrival_quiet
D:2:      mumra_celtic_spiral_tile, doesnt_xom_only_xom, uniq_crazy_yiuf_cottage

Skill      XL: |  1  2  3 |
---------------+----------+-----
Shields        | 3 |  3.0
Armour         | 3 |  3.0
Fighting       | |  3.7
Axes           | |  1.5

Action                   || total
-------------------------++-------
Melee: War axe           ||   148
  Use: Scroll            ||     5
Armor: Scale mail        ||    24
       Leather armour    ||    26
Dodge: Dodged            ||    56
Block: Shield            ||    98

Table legend:
 A = Spawn XP
 B = Non-spawn XP
 C = Spawn XP percentage of total XP
 D = Spawn monster count
 E = Non-spawn monster count
 F = Spawn count percentage of total count
 G = Total turns spent on level
                    A         B        C        D         E        F      G
               +---------+---------+-------+---------+---------+-------+---------
         Total |       0 |      86 |   0.0 |       0 |      37 |   0.0 |  2037
               +---------+---------+-------+---------+---------+-------+---------
           D:1 |       0 |      23 |   0.0 |       0 |      15 |   0.0 |   797
           D:2 |       0 |      63 |   0.0 |       0 |      22 |   0.0 |  1240
               +---------+---------+-------+---------+---------+-------+---------
